 Dungeon Crawl Stone Soup version 0.30-a0-305-g026cb31310 (webtiles) character file.

Game seed: 13261237223839199588

9445 Charly the Skirmisher (level 11, -8/72 HPs)
             Began as a Tengu Hunter on Oct 22, 2022.
             Was a High Priest of Okawaru.
             Mangled by a skeletal warrior
             ... wielding a +0 glaive
              (14 damage)
             ... on level 11 of the Dungeon.
             The game lasted 00:33:24 (11964 turns).

Charly the Skirmisher (Tengu Hunter)               Turns: 11964, Time: 00:33:25

Health: -8/72      AC: 14    Str: 20    XL:     11   Next: 46%
Magic:  15/15      EV: 17    Int: 10    God:    Okawaru [*****.]
Gold:   227        SH:  0    Dex: 21    Spells: 10/10 levels left

rFire   . . .      SeeInvis .    a - +0 shortbow
rCold   . . .      Faith    .    (shield currently unavailable)
rNeg    + . .      Spirit   .    J - +5 scale mail of the Insatiable Friars {rN+}
rPois   +          Reflect  .    (helmet restricted)
rElec   .          Harm     .    x - +1 cloak "Negasum" {Rampage rPois Str+2}
rCorr   .          Rampage  +    (no gloves)
Will    .....                    (boots unavailable)
Stlth   +.........               (no amulet)
HPRegen 0.32/turn                j - +6 ring of strength
MPRegen 0.14/turn                y - +4 ring of evasion

@: flying quickly and evasively, quick
A: beak, talons 3, nimble flight
a: Renounce Religion, Heroism, Finesse, Duel


You were on level 11 of the Dungeon.
You worshipped Okawaru.
Okawaru was extremely pleased with you.
You visited 2 branches of the dungeon, and saw 13 of its levels.

You collected 613 gold pieces.
You spent 386 gold pieces at shops.

Inventory:

Hand Weapons
 a - a +0 shortbow (weapon)
 b - a +1 dagger of venom
Missiles
 f - a throwing net
Armour
 h - +1 fire dragon scales
 x - the +1 cloak "Negasum" (worn) {Rampage rPois Str+2}
   (You found it on level 5 of the Dungeon)

   Str:       It affects your strength (+2).
   rPois:     It protects you from poison.
   Rampage:   It bestows one free step when moving towards enemies.
 J - the +5 scale mail of the Insatiable Friars (worn) {rN+}
   (You bought it in a shop on level 7 of the Dungeon)

   rN:        It protects you from negative energy.
 K - +0 steam dragon scales
Magical Staves
 n - a staff of death
Jewellery
 c - a ring of ice
 j - a +6 ring of strength (left hand)
 m - a ring of willpower
 p - a ring of poison resistance
 y - a +4 ring of evasion (right hand)
 C - a ring of resist corrosion
Wands
 o - a wand of light (2)
 s - a wand of digging (7)
 v - a wand of mindburst (22)
 D - a wand of paralysis (7)
 F - a wand of flame (12)
 G - a wand of roots (10)
Scrolls
 d - 3 scrolls of teleportation
 e - a scroll of immolation
 l - a scroll of poison {unknown}
 u - a scroll of blinking
 E - a scroll of brand weapon {unknown}
 I - a scroll of enchant weapon {unknown}
 L - a scroll of fear
 N - a scroll of silence
Potions
 g - 2 potions of might
 i - a potion of heal wounds
 k - a potion of brilliance
 q - 5 potions of curing
 r - 4 potions of attraction
 t - 3 potions of cancellation
 z - a potion of resistance
 A - a potion of magic
 B - 2 potions of mutation {unknown}
 H - a potion of haste {unknown}
 M - a potion of ambrosia {unknown}


   Skills:
 + Level 10.1 Fighting
 * Level 14.3 Ranged Weapons
 - Level 5.0 Armour
 - Level 2.1 Dodging
 - Level 2.0 Stealth
 - Level 5.0 Invocations


You had 10 spell levels left.
You didn't know any spells.
Your spell library contained the following spells:

 Spells                   Type           Power      Damage    Failure   Level
 Cigotuvi's Dreadful Rot  Necr/Pois/Air  0%         N/A       83%         2
 Poisonous Vapours        Pois/Air       0%         N/A       83%         2
 Hailstorm                Conj/Ice       0%         3d3       97%         3
 Mephitic Cloud           Conj/Pois/Air  0%         N/A       97%         3
 Ozocubu's Armour         Ice            0%         N/A       97%         3
 Ice Form                 Ice/Tmut       0%         N/A       100%        4
 Metabolic Englaciation   Hex/Ice        0%         N/A       100%        5
 Simulacrum               Ice/Necr       Unusable   N/A       N/A         6

Dungeon Overview and Level Annotations

Branches:
Dungeon (12/15)            Temple (1/1) D:6            Lair (0/5) D:11
    Orc (0/2) D:9

Altars:
Ashenzari
Cheibriados
Dithmenos
Elyvilon
Fedhas
Gozag
Hepliaklqana
Kikubaaqudgha
Makhleb
Nemelex Xobeh
Okawaru
Qazlal
Ru
Sif Muna
Trog
Uskayaw
Vehumet
Wu Jian
Xom
Yredelemnul
Zin
The Shining One

Shops:
D:1 (   D:5 *   D:7 [   D:8 [   D:11 (

Annotations:
D:11 Fannar, Josephine, Snorg


Innate Abilities, Weirdness & Mutations

You have a beak for a mouth.
You have claws for feet.
Your magical nature lets you fly swiftly and evasively.


Message History

Found a whip.
A skeletal warrior comes into view. It is wielding a +0 trident.
The skeletal warrior hits you with a +0 war axe!
The skeletal warrior misses you. x2
Found Mobal's Antique Weapon Shop.
Your surroundings suddenly seem different.
Josephine and a wraith come into view.
Josephine shouts!
A wraith comes into view. 2 wraiths come into view.
The wraith moves out of view.
As you read the scroll of teleportation, it crumbles to dust.
You feel strangely unstable. Josephine closely misses you.
The wraith misses you.
You rampage towards the cyclops!
The cyclops throws a large rock.
The large rock hits you!
You rampage towards the cyclops!
The cyclops throws a large rock.
The large rock hits you!
You rampage towards the wraith!
You rampage towards the cyclops!
The cyclops throws a large rock.
The large rock misses you.
The large rock hits Josephine!
You rampage towards Josephine!
Your surroundings suddenly seem different.
Snorg shouts!
Fannar the Cold-Hearted comes into view.
They are wielding a +0 quarterstaff of freezing and wearing a +1 robe of cold resistance.
Fannar mumbles some strange words.
An acid dragon comes into view.
The acid dragon roars!
As you read the scroll of teleportation, it crumbles to dust.
You feel strangely unstable.
Fannar gestures wildly while chanting.
A komodo dragon comes into view.
Your surroundings suddenly seem different.
Found 25 gold pieces.
The skeletal warrior hits you from afar with a +0 glaive!!
The skeletal warrior hits you with a +0 war axe!!
* * * LOW HITPOINT WARNING * * *
The skeletal warrior hits you but does no damage.
The skeletal warrior hits you from afar with a +0 glaive!
You die...

,..#####.T......,*,* *,* *,**
####.....$..# *,* *,*
*,####...#**********,** #,* #,*
#...#*,,,,,,,,,*,,
#.######*##.####...#*,*,.,**,,,,,
#.......,..........#*,...,,,,,,,,
.......###...#....z##....,,,,,,,,
#.***#.T......)...z......,,,,,...
#.* #.###...#..@.z......,,,,,...
..## #.# **.##.....###...,,**,...
...###.# *,##.#.z## **,,,****...
..[.##.# *,......# ***** ##.#.
.#.....#######.#.##### ####....
###.##....^......###.## ##.......
# ##.∩..######O####>..###..##<...
###.#..## #.........<...†.....
.#.###.# ######...###.#######


You could see 4 skeletal warriors.

Vanquished Creatures
  A two-headed ogre (D:10)
  A boulder beetle (D:8)
  A gargoyle (D:10)
  Maggie (D:10)
  An unseen horror (D:7)
  A hornet (D:7)
  A shadow (D:11)
  12 yaks
  A wyvern (D:9)
  A steam dragon (D:10)
  8 vampire mosquitoes
  2 water moccasins
  2 sky beasts
  An orc warrior (D:8)
  An ice beast (D:4)
  3 centaurs
  2 phantoms (D:6)
  5 bullfrogs
  2 necrophages
  3 gnoll sergeants
  A scorpion (D:6)
  15 wights
  9 electric eels
  5 howler monkeys
  7 hounds
  A gnoll bouda (D:5)
  5 orc priests
  A jelly (D:5)
  2 iguanas
  10 orc wizards
  Terence (D:2)
  Robin (D:3)
  22 gnolls
  6 adders
  A white imp (D:7)
  An ufetubus (D:5)
  8 worms
  2 dart slugs (D:2)
  19 orcs
  8 bats
  3 endoplasms
  4 giant cockroaches
  18 goblins
  6 hobgoblins
  4 jackals (D:2)
  5 quokkas
  2 ball pythons (D:1)
  4 frilled lizards
  4 kobolds
  A rat (D:3)
226 creatures vanquished.

Vanquished Creatures (others)
  3 plants (D:9)
3 creatures vanquished.

Grand Total: 229 creatures vanquished

Notes
Turn   | Place    | Note
-------+----------+-------------------------------------------
     0 | D:1      | Charly the Tengu Hunter began the quest for the Orb.
     0 | D:1      | Reached XP level 1. HP: 12/12 MP: 2/2
    68 | D:1      | Found a faded altar of an unknown god.
   313 | D:1      | Reached XP level 2. HP: 17/17 MP: 3/3
   583 | D:1      | Found Muel's Antique Weapon Shop.
   862 | D:2      | Reached XP level 3. HP: 22/22 MP: 4/4
  1075 | D:2      | Reached skill level 5 in Ranged Weapons
  1086 | D:2      | Reached XP level 4. HP: 28/28 MP: 5/5
  1209 | D:2      | Noticed Terence
  1249 | D:2      | Killed Terence
  1319 | D:3      | Found a blossoming altar of Fedhas.
  1329 | D:3      | Found a white marble altar of Elyvilon.
  1329 | D:3      | Found a snail-covered altar of Cheibriados.
  1591 | D:3      | Noticed Robin
  1611 | D:3      | Killed Robin
  1681 | D:3      | Gained mutation: Your magical nature lets you fly swiftly
                  | and evasively. [Tengu growth]
  1681 | D:3      | Reached XP level 5. HP: 32/32 MP: 6/6
  1721 | D:3      | Found a shimmering altar of Xom.
  2032 | D:3      | Found a bloodstained altar of Trog.
  2973 | D:4      | Reached skill level 6 in Ranged Weapons
  3286 | D:4      | Reached XP level 6. HP: 32/38 MP: 7/7
  3321 | D:4      | Found a shadowy altar of Dithmenos.
  3559 | D:5      | Entered Level 5 of the Dungeon
  3559 | D:5      | Noticed an ice beast
  3744 | D:4      | Killed an ice beast
  4069 | D:5      | Identified the +1 cloak "Negasum" {Rampage rPois Str+2}
  4137 | D:5      | Reached skill level 5 in Fighting
  4366 | D:5      | Reached XP level 7. HP: 44/44 MP: 8/8
  4418 | D:5      | Reached skill level 7 in Ranged Weapons
  4598 | D:5      | Found an opulent altar of Gozag.
  5132 | D:5      | Found Qoxuagou's Assorted Antiques.
  5135 | D:5      | Bought a scroll labelled COEXTO BYESYW for 26 gold pieces
  5135 | D:5      | Bought a scroll labelled ASYMATREODGH for 26 gold pieces
  5135 | D:5      | Bought a fizzy emerald potion for 23 gold pieces
  5135 | D:5      | Bought a potion of might for 104 gold pieces
  5378 | D:6      | Reached skill level 8 in Ranged Weapons
  5378 | D:6      | Reached XP level 8. HP: 43/52 MP: 9/9
  5422 | D:6      | Found a staircase to the Ecumenical Temple.
  5443 | Temple   | Entered the Ecumenical Temple
  5448 | Temple   | Became a worshipper of Warmaster Okawaru
  5476 | D:6      | Reached skill level 1 in Armour
  5747 | D:6      | Reached * piety under Okawaru
  5748 | D:6      | Reached skill level 9 in Ranged Weapons
  5867 | D:6      | Reached skill level 1 in Invocations
  5886 | D:6      | Reached XP level 9. HP: 36/55 MP: 9/11
  6202 | D:7      | Found a glowing golden altar of the Shining One.
  6518 | D:7      | Killed an unseen horror
  6608 | D:7      | Found Cuxug's Antique Armour Shop.
  6882 | D:7      | Reached skill level 10 in Ranged Weapons
  6932 | D:7      | Reached ** piety under Okawaru
  7058 | D:7      | Noticed a hornet
  7066 | D:7      | Killed a hornet
  7353 | D:8      | Found Heq Luoxt's Armour Boutique.
  7520 | D:8      | Noticed a boulder beetle
  7587 | D:8      | Killed a boulder beetle
  7587 | D:8      | Reached *** piety under Okawaru
  7588 | D:8      | Reached skill level 11 in Ranged Weapons
  7588 | D:8      | Reached skill level 5 in Armour
  7588 | D:8      | Reached XP level 10. HP: 64/64 MP: 13/13
  7650 | D:8      | Found a burning altar of Makhleb.
  7650 | D:8      | Found an ornate altar of the Wu Jian Council.
  7651 | D:8      | Found a broken altar of Ashenzari.
  7812 | D:8      | Found a stormy altar of Qazlal.
  7876 | D:8      | Received a gift from Okawaru
  9259 | D:9      | Reached skill level 12 in Ranged Weapons
  9632 | D:9      | Found a staircase to the Orcish Mines.
  9753 | D:9      | Reached **** piety under Okawaru
  9964 | D:7      | Bought a bloodstained scale mail for 207 gold pieces
  9964 | D:7      | Identified the +5 scale mail of the Insatiable Friars {rN+}
                  | (You bought it in a shop on level 7 of the Dungeon)
 10053 | D:10     | Entered Level 10 of the Dungeon
 10053 | D:10     | Noticed a gargoyle
 10242 | D:10     | Noticed Maggie
 10254 | D:10     | Killed Maggie
 10255 | D:10     | Reached skill level 5 in Invocations
 10379 | D:10     | Noticed a two-headed ogre
 10544 | D:10     | Killed a two-headed ogre
 10545 | D:10     | Reached skill level 13 in Ranged Weapons
 10545 | D:10     | Reached XP level 11. HP: 71/71 MP: 15/15
 11317 | D:10     | You are sucked into a shaft and drop 2 floors!
 11328 | D:11     | Noticed a manticore
 11334 | D:11     | Noticed Snorg
 11375 | D:11     | Noticed a cyclops
 11397 | D:11     | Reached skill level 14 in Ranged Weapons
 11400 | D:11     | Reached ***** piety under Okawaru
 11639 | D:10     | Reached skill level 10 in Fighting
 11885 | D:11     | Noticed a two-headed ogre
 11910 | D:11     | Noticed a skeletal warrior
 11910 | D:11     | Noticed a skeletal warrior
 11910 | D:11     | Noticed a skeletal warrior
 11912 | D:11     | Noticed a skeletal warrior
 11912 | D:11     | Noticed a skeletal warrior
 11914 | D:11     | Found Mobal's Antique Weapon Shop.
 11925 | D:11     | Noticed Josephine
 11953 | D:11     | Noticed Fannar
 11964 | D:11     | Mangled by a skeletal warrior

Illustrated notes

Levels and vault maps discovered:
D:1:      dpeg_arrival_stonehenge_8_columns, layout_basic,
          hellmonk_ecumenical_altar_lost_god, serial_shops, shop, minivault_25
D:2:      layout_rooms, st_stairs_14, uniq_terence
D:3:      layout_loops_corners, mainiacjoe_overflow_brackets,
          grunt_temple_overflow_open, mainiacjoe_overflow_six_doors_small,
          nicolae_wormholes, uniq_robin
D:4:      layout_loops_corners, lemuel_round_altar
D:5:      layout_cave_pods, kennysheep_little_box, serial_shops,
          kennysheep_mini_moat
D:6:      layout_rooms, minmay_temple_entry_waves
D:7:      layout_loops_ring, mainiacjoe_overflow_24_doors, serial_shops,
          nicolae_shop_hallway_plus
D:8:      layout_basic, nicolae_qazlal_general_emergency,
          gammafunk_temple_overflow_claw, minmay_misc_feat_roman,
          minmay_misc_feat_chi, nicolae_take_the_stairs
D:9:      mumra_celtic_spiral_tile, layout_long_grid, orc_0_dummy,
          serial_bayou_lake_a
D:10:     layout_basic, uniq_maggie
D:11:     layout_loops_ring, lair_entry_dummy, serial_shops, shop,
          uniq_josephine, uniq_fannar, uniq_urug, uniq_snorg
D:12:     layout_roguey, uniq_maurice
Temple:   hellmonk_temple_micro_hex

Skill      XL: |  1  2  3  4  5  6  7  8  9 10 11 |
---------------+----------------------------------+-----
Stealth        | 2 |  2.0
Ranged Weapons | 5 6 8 9 11 13 14 | 14.3
Fighting       | 3 4 5 6 7 8 9 10 | 10.1
Armour         | 3 5 |  5.0
Invocations    | 1 3 5 |  5.0
Dodging        | |  2.1

Action                   |  1- 3 |  4- 6 |  7- 9 | 10-12 || total
-------------------------+-------+-------+-------+-------++-------
Melee: Dagger            |     8 |    23 |    73 |    69 ||   173
       Kick              |     3 |     8 |    23 |    24 ||    58
       Peck              |     1 |     2 |    18 |    13 ||    34
       Punch             |       |     1 |     3 |     1 ||     5
 Fire: Shortbow          |    55 |   214 |   270 |   405 ||   944
Invok: Heroism           |       |       |     4 |    12 ||    16
       Finesse           |       |       |       |     1 ||     1
Evoke: Wand              |       |       |     1 |    24 ||    25
  Use: Scroll            |     3 |     6 |    12 |     7 ||    28
       Potion            |     1 |       |     5 |     3 ||     9
 Stab: Paralysed         |       |       |     1 |     1 ||     2
Armor: Leather armour    |    10 |       |       |       ||    10
       Fire dragon scale |       |     9 |       |       ||     9
       Scale mail        |       |    28 |   106 |    69 ||   203
Dodge: Dodged            |    16 |    40 |   133 |   176 ||   365

Table legend: (Time is in decaauts)
 A = Elapsed time spent in this place.
 B = Non-inter-level travel time spent in this place.
 C = Inter-level travel time spent in this place.
 D = Time resting spent in this place.
 E = Time spent auto-exploring this place.
 F = Levels seen in this place.
 G = Mean time per level.
                   A        B        C        D        E       F      G
               +--------+--------+--------+--------+--------+-----+--------+
         Total |  11371 |  10636 |    735 |    829 |   6780 |  13 |  874.7 |
       Dungeon |  11361 |  10626 |    735 |    829 |   6780 |  12 |  946.8 |
        Temple |     10 |     10 |      0 |      0 |      0 |   1 |   10.0 |
               +--------+--------+--------+--------+--------+-----+--------+

Top non-repeatable levels by time:
     D:9: 1597 daAuts
     D:5: 1412 daAuts
    D:10: 1356 daAuts
     D:4: 1332 daAuts
     D:3: 1254 daAuts
     D:7: 1117 daAuts
     D:8: 1003 daAuts
     D:1: 771 daAuts
     D:6: 653 daAuts
     D:2: 547 daAuts
    D:11: 306 daAuts
  Temple: 10 daAuts
    D:12: 9 daAuts
